 Dungeon Crawl Stone Soup version 0.28.0-53-g5a82cb258f (webtiles) character file.

Game seed: 12231231308715028305

5138 Zeld the Zephyrmancer (level 10, -1/50 HPs)
             Began as a Tengu Air Elementalist on May 28, 2022.
             Slain by a yak (13 damage)
             ... on level 8 of the Dungeon.
             The game lasted 00:10:24 (12571 turns).

Zeld the Zephyrmancer (Tengu Air Elementalist)     Turns: 12571, Time: 00:10:24

Health: -1/50      AC:  3    Str:  8    XL:     10   Next: 58%
Magic:  16/34      EV: 15    Int: 22    God:
Gold:   114        SH:  0    Dex: 16    Spells: 20/30 levels left

rFire   + . .      SeeInvis +   a - +2 flail (venom)
rCold   + . .      Faith    .   (no shield)
rNeg    + . .      Spirit   .   t - +0 robe of Mutualism {rN+ Will+ Int+3 SInv}
rPois   .          Reflect  .   (helmet restricted)
rElec   .          Harm     .   C - scarf {rC+ rF+}
rCorr   .          Rampage  .   h - +0 pair of gloves
Will    +....                   (boots unavailable)
Stlth   ++........              (no amulet)
HPRegen 0.16/turn               y - ring of magical power
MPRegen 0.24/turn               (no ring)

@: flying quickly and evasively, quick
A: beak, talons 3, nimble flight
a: no special abilities


You were on level 8 of the Dungeon.
You visited 2 branches of the dungeon, and saw 9 of its levels.

You collected 435 gold pieces.
You spent 321 gold pieces at shops.

Inventory:

Hand Weapons
 a - a +2 flail of venom (weapon)
Armour
 h - a +0 pair of gloves (worn)
 r - a +0 cloak of preservation
 t - the +0 robe of Mutualism (worn) {rN+ Will+ Int+3 SInv}
   (You found it on level 5 of the Dungeon)

   Int:       It affects your intelligence (+3).
   rN:        It protects you from negative energy.
   SInv:      It lets you see invisible.
   Will:      It increases your willpower.
 C - a scarf of resistance (worn)
Jewellery
 y - a ring of magical power (left hand)
Wands
 k - a wand of polymorph (16)
 s - a wand of acid (5)
 A - a wand of flame (18)
 D - a wand of paralysis (11)
Scrolls
 e - 4 scrolls of identify
 f - 3 scrolls of amnesia
 i - a scroll of enchant weapon
 j - 2 scrolls of fear
 n - a scroll of blinking
 u - 2 scrolls of teleportation
 v - 2 scrolls of silence
 w - a scroll of summoning
 B - a scroll of enchant armour {unknown}
Potions
 b - 3 potions of heal wounds {unknown}
 c - 2 potions of curing {unknown}
 d - 4 potions of invisibility
 g - a potion of resistance {unknown}
 l - a potion of magic {unknown}
 m - a potion of lignification {unknown}
 o - a potion of might {unknown}
 p - 2 potions of flight {unknown}
 q - a potion of cancellation {unknown}
 x - a potion of attraction {unknown}
 z - a potion of haste {unknown}


   Skills:
 - Level 2.1 Dodging
 - Level 2.0 Stealth
 * Level 10.5 Spellcasting
 - Level 8.0 Conjurations
 - Level 12.0 Air Magic


You had 20 spell levels left.
You knew the following spells:

 Your Spells              Type           Power      Damage    Failure   Level
a - Shock                 Conj/Air       100%       1d9       1%          1
b - Static Discharge      Conj/Air       53%        N/A       1%          2
c - Swiftness             Air            59%        N/A       1%          3
d - Airstrike             Air            29%        N/A       1%          4

Your spell library contained the following spells:

 Spells                   Type           Power      Damage    Failure   Level
 Foxfire                  Conj/Fire      100%       2x1d9     1%          1
 Magic Dart               Conj           100%       1d8       1%          1
 Mephitic Cloud           Conj/Pois/Air  40%        N/A       1%          3
 Conjure Flame            Conj/Fire      29%        6-21      3%          3
 Summon Small Mammal      Summ           44%        N/A       6%          1
 Call Imp                 Summ           11%        N/A       9%          2
 Flame Wave               Conj/Fire      29%        2d8       11%         4
 Freezing Cloud           Conj/Ice/Air   20%        6-21      11%         5
 Call Canine Familiar     Summ           11%        N/A       17%         3
 Ignite Poison            Fire/Tmut/Pois 11%        N/A       17%         3
 Inner Flame              Hex/Fire       11%        N/A       17%         3
 Summon Guardian Golem    Hex/Summ       11%        N/A       17%         3
 Tukima's Dance           Hex            11%        N/A       17%         3
 Anguish                  Hex/Necr       5%         N/A       50%         4
 Enfeeble                 Hex            5%         N/A       100%        7


Dungeon Overview and Level Annotations

Branches:
Dungeon (8/15)             Temple (1/1) D:7
   Lair: D:8-11

Altars:
Ashenzari
Cheibriados
Dithmenos
Elyvilon
Fedhas
Gozag
Hepliaklqana
Kikubaaqudgha
Makhleb
Nemelex Xobeh
Qazlal
Ru
Sif Muna
Uskayaw
Vehumet
Wu Jian
Xom
Yredelemnul
Zin
The Shining One

Shops:
D:5 (*::?

Portals:
Abyss: D:7

Annotations:
D:6 1 runed translucent door, pkoi's ghost, novice DgGl
D:7 2 transporters, Zeld's ghost, novice MiBe


Innate Abilities, Weirdness & Mutations

You have a beak for a mouth.
You have claws for feet.
Your magical nature lets you fly swiftly and evasively.


Message History

No target in view!
A howler monkey comes into view.
A howler monkey is nearby!
A howler monkey is nearby! 2 yaks come into view.
Found 21 bolts.
The yak bellows!
The howler monkey howls!
You sock the yak!
The yak is poisoned.
You claw the yak.
The yak is almost dead.
The yak misses you. The yak closely misses you.
You barely miss the yak. Your kick misses the yak. You peck the yak.
The yak is almost dead.
You kill the yak!
The howler monkey hoots and howls with incredible vigour!
You hear two shouts!
The howler monkey closely misses you.
A two-headed ogre comes into view.
It is wielding a +0 giant club and a +0 dire flail.
The yak closely misses you. The howler monkey hits you.
The howler monkey hoots and howls with incredible vigour!
The howler monkey hoots and howls with incredible vigour!
You hear a shout!
The yak gores you!
You hit the yak but do no damage.
The howler monkey completely misses you.
You hit the yak.
The yak is poisoned.
You claw the yak. Your peck misses the yak.
The yak is lightly wounded.
The howler monkey barely misses you. x2; The yak gores you!
The yak completely misses you.
You hit the yak.
The yak looks as sick as possible!
You claw the yak.
The yak is heavily wounded.
The howler monkey misses you. The yak misses you. The yak gores you!
The howler monkey barely misses you.
The howler monkey hoots and howls with incredible vigour!
The howler monkey hoots and howls with incredible vigour!
The yak gores you!
* * * LOW HITPOINT WARNING * * *
The yak gores you!
You die...

.......####..............#.......
.........................#.......
.........................#.......
............#####........#.......
............#####...........##...
................#...........##...
................#...........##...
................#................
...#.........:.Y@####............
...#.........hOY.# #............
...#.............# #............
.###.............####............
.# #.............#...............
.# #.............#...............
.. .!............#....#..........
.................#...............
.....#####.......#5..............


You could see a two-headed ogre, 2 yaks and a howler monkey.

Vanquished Creatures
  2 two-headed ogres
  Prince Ribbit (D:5)
  7 yaks (D:8)
  A water moccasin (D:5)
  An orc warrior (D:7)
  A black bear (D:6)
  3 necrophages
  5 ogres
  2 centaurs
  2 phantoms
  A kobold brigand (D:7)
  4 bullfrogs
  3 scorpions
  A water moccasin zombie (D:6)
  4 howler monkeys
  2 bullfrog zombies
  Crazy Yiuf (D:4)
  4 hounds
  A jelly (D:6)
  A gnoll shaman (D:6)
  2 bullfrog skeletons (D:5)
  4 iguanas
  A centaur skeleton (D:3)
  Natasha (thrice) (D:4)
  3 orc wizards
  4 adders
  3 gnolls (D:7)
  2 white imps
  An ufetubus (D:6)
  An adder skeleton (D:2)
  2 worms (D:2)
  A dart slug (D:3)
  25 orcs
  6 ball pythons
  7 bats
  6 endoplasms
  3 giant cockroaches
  6 goblins
  5 hobgoblins
  17 kobolds
  2 quokkas
  2 frilled lizards
  9 rats
162 creatures vanquished.

Vanquished Creatures (others)
  A plant (D:3)
1 creature vanquished.

Grand Total: 163 creatures vanquished

Notes
Turn   | Place    | Note
-------+----------+-------------------------------------------
     0 | D:1      | Zeld the Tengu Air Elementalist began the quest for the
                  | Orb.
     0 | D:1      | Reached XP level 1. HP: 10/10 MP: 4/4
   258 | D:1      | Found a faded altar of an unknown god.
   268 | D:1      | Reached XP level 2. HP: 15/15 MP: 4/6
   408 | D:1      | Learned a level 2 spell: Static Discharge
   807 | D:1      | Reached XP level 3. HP: 16/19 MP: 4/7
   811 | D:1      | Learned a level 3 spell: Swiftness
  1752 | D:2      | Reached skill level 5 in Air Magic
  2200 | D:2      | Reached XP level 4. HP: 17/24 MP: 4/9
  3247 | D:3      | Noticed an ogre
  3950 | D:3      | Gained mutation: Your magical nature lets you fly swiftly
                  | and evasively. [Tengu growth]
  3950 | D:3      | Reached XP level 5. HP: 19/28 MP: 3/10
  4049 | D:3      | Learned a level 4 spell: Airstrike
  4324 | D:3      | Killed an ogre
  4325 | D:3      | Reached skill level 6 in Air Magic
  4442 | D:3      | Found a hide-covered altar of Uskayaw.
  4670 | D:4      | Noticed Natasha
  4674 | D:4      | Killed Natasha
  4675 | D:4      | Reached XP level 6. HP: 32/32 MP: 3/12
  4942 | D:4      | Noticed Natasha
  4945 | D:4      | Killed Natasha
  5181 | D:4      | Found a runed translucent door.
  5182 | D:4      | Noticed Crazy Yiuf
  5387 | D:4      | Noticed Natasha
  5395 | D:4      | Killed Natasha
  5684 | D:4      | Killed Crazy Yiuf
  5685 | D:4      | Reached skill level 7 in Air Magic
  5868 | D:5      | Entered Level 5 of the Dungeon
  6061 | D:5      | Found Liesil's Book Shop.
  6101 | D:5      | Reached XP level 7. HP: 23/36 MP: 1/14
  6338 | D:5      | Reached skill level 5 in Spellcasting
  6685 | D:5      | Found Gouniol's Book Shoppe.
  6708 | D:5      | Reached skill level 8 in Air Magic
  6767 | D:5      | Found Kafehips's Magic Scroll Boutique.
  6772 | D:5      | Bought a scroll of identify for 20 gold pieces
  6772 | D:5      | Bought a scroll of teleportation for 30 gold pieces
  6772 | D:5      | Bought a scroll of identify for 20 gold pieces
  6772 | D:5      | Bought a scroll of silence for 75 gold pieces
  6772 | D:5      | Bought a scroll of summoning for 95 gold pieces
  6780 | D:5      | Identified the +0 robe of Mutualism {rN+ Will+ Int+3 SInv}
  6877 | D:5      | Noticed Prince Ribbit
  7008 | D:5      | Reached skill level 5 in Conjurations
  7140 | D:5      | Reached XP level 8. HP: 24/41 MP: 3/17
  7378 | D:5      | Killed Prince Ribbit
  7465 | D:5      | Found Wodgharoaco's Assorted Antiques.
  7474 | D:5      | Bought a fuming blue potion for 25 gold pieces
  7474 | D:5      | Bought a scroll of identify for 56 gold pieces
  7517 | D:5      | Reached skill level 9 in Air Magic
  7852 | D:5      | Found Rune Myj's Antique Weapon Boutique.
  8465 | D:6      | Reached skill level 10 in Air Magic
  8465 | D:6      | Reached XP level 9. HP: 45/45 MP: 3/20
  8861 | D:6      | Found a runed translucent door.
  9308 | D:6      | Noticed pkoi's ghost (novice DgGl)
  9341 | D:6      | Noticed a two-headed ogre
  9346 | D:6      | Killed a two-headed ogre
  9347 | D:6      | Reached skill level 11 in Air Magic
  9599 | D:7      | Found a staircase to the Ecumenical Temple.
 10105 | Temple   | Entered the Ecumenical Temple
 10923 | D:7      | Found a transporter.
 11093 | D:7      | Noticed a two-headed ogre
 11097 | D:7      | Killed a two-headed ogre
 11098 | D:7      | Reached skill level 12 in Air Magic
 11098 | D:7      | Reached XP level 10. HP: 50/50 MP: 16/24
 11175 | D:7      | Found a transporter.
 11183 | D:7      | Found a one-way gate to the infinite horrors of the Abyss.
 11183 | D:7      | Noticed Zeld's ghost (novice MiBe)
 11819 | D:8      | Found a radiant altar of Vehumet.
 11987 | D:8      | Reached skill level 10 in Spellcasting
 12546 | D:8      | Noticed a two-headed ogre
 12571 | D:8      | Slain by a yak

Illustrated notes

Levels and vault maps discovered:
D:1:      heliophobic_arrival_ceremonial_halls, layout_rooms,
          ebering_ecumenical_altar_hall, chequers_serial_rivers_micro_d
D:2:      layout_loops_ring, minmay_goblin_kobold_house
D:3:      layout_loops_ring, mainiacjoe_overflow_alcove_4,
          kennysheep_nondescript
D:4:      layout_loops_ring, uniq_natasha, uniq_crazy_yiuf_cottage
D:5:      layout_basic, serial_shops, kennysheep_mini, shop,
          nicolae_shop_waterfront, nicolae_shop_hallway_plus,
          nicolae_lakefront_shop, nrook_uturn, uniq_prince_ribbit1
D:6:      layout_rooms, ebering_ghost_reflecting_pool
D:7:      layout_basic, minmay_temple_entry_slanted,
          gammafunk_ghost_abyssal_escape
D:8:      layout_basic, nicolae_vehumet_altar_sigil
Temple:   dpeg_five_rooms_temple

Skill      XL: |  1  2  3  4  5  6  7  8  9 10 |
---------------+-------------------------------+-----
Conjurations   | 2 3 4 5 6 8 |  8.0
Air Magic      | 5 6 7 8 10 12 | 12.0
Spellcasting   | 3 4 5 6 9 10 | 10.5
Dodging        | |  2.1
Stealth        | |  2.0

Action                   |  1- 3 |  4- 6 |  7- 9 | 10-12 || total
-------------------------+-------+-------+-------+-------++-------
Melee: Unarmed           |    30 |    17 |       |       ||    47
       Kick              |     8 |     5 |     7 |    10 ||    30
       Peck              |     3 |     4 |     5 |     5 ||    17
       Flail             |       |       |    25 |    24 ||    49
 Cast: Shock             |    29 |     3 |    14 |    11 ||    57
       Static Discharge  |    25 |    40 |     7 |       ||    72
       Airstrike         |       |    15 |    92 |    33 ||   140
       Swiftness         |       |     1 |     2 |       ||     3
  Use: Scroll            |       |       |     6 |       ||     6
 Stab: Sleeping          |     2 |     1 |       |       ||     3
       Distracted        |       |     1 |       |       ||     1
Armor: Robe              |    15 |    12 |     5 |     7 ||    39
Dodge: Dodged            |    46 |    29 |    42 |    31 ||   148
